 Dungeon Crawl Stone Soup version 0.21.1-1-g345015f (webtiles) character file.

1320 keltmir the Cudgeler (level 8, 0/68 HPs)
             Began as a Purple Draconian Skald on Mar 31, 2018.
             Was an Initiate of Makhleb.
             Slain by aMcNicky's ghost (15 damage)
             ... on level 5 of the Dungeon.
             The game lasted 00:39:12 (7203 turns).

keltmir the Cudgeler (Purple Draconian Skald)       Turns: 7203, Time: 00:39:13

Health: 0/68       AC:  9    Str: 16    XL:     8   Next: 33%
Magic:  0/14       EV: 13    Int: 19    God:    Makhleb [......]
Gold:   170        SH:  0    Dex: 10    Spells: 4/15 levels left

rFire    . . .     SeeInvis .   a - +0 mace
rCold    . . .     Gourm    .   (no shield)
rNeg     . . .     Faith    .   (armour unavailable)
rPois    .         Spirit   .   (helmet restricted)
rElec    .         Reflect  .   (no cloak)
rCorr    .         Harm     .   e - +2 pair of gloves
MR       +....                  (no boots)
Stlth    +.........             (no amulet)
HPRegen  1.21/turn              o - +5 ring of intelligence
MPRegen  0.14/turn              (no ring)

@: very slightly contaminated, regenerating
A: breathe power, unfitting armour, cold-blooded, AC +6
a: Breathe Dispelling Energy, Renounce Religion


You were on level 5 of the Dungeon.
You worshipped Makhleb.
Makhleb was noncommittal.
You were very hungry.

You visited 2 branches of the dungeon, and saw 7 of its levels.

You collected 170 gold pieces.

Inventory:

Hand Weapons
 a - a +0 mace (weapon)
Missiles
 k - a throwing net (quivered)
Armour
 e - a +2 pair of gloves (worn)
 j - a +0 cloak
Jewellery
 o - a +5 ring of intelligence (left hand)
Wands
 n - a wand of flame (10)
 p - a wand of acid (5)
 r - a wand of digging (7)
Scrolls
 i - a scroll of enchant armour
 t - a scroll of amnesia
 u - a scroll of blinking
Potions
 d - a potion of curing
 f - 2 potions of heal wounds {unknown}
 g - a potion of flight {unknown}
 h - 2 potions of haste
 l - a potion of resistance {unknown}
 m - a potion of lignification {unknown}
 q - 3 potions of brilliance {unknown}
 s - a potion of mutation {unknown}
 v - a potion of berserk rage {unknown}
Books
 b - a book of Battle

   Spells                             Type                      Level
   a - Infusion                       Charms                       1
   b - Shroud of Golubria             Charms/Translocation         2
   c - Song of Slaying                Charms                       2
   d - Spectral Weapon                Hexes/Charms                 3
   e - Regeneration                   Charms/Necromancy            3
Comestibles
 c - 6 rations


   Skills:
 + Level 5.2 Fighting
 * Level 6.4 Maces & Flails
 + Level 4.4 Dodging
 + Level 4.0 Spellcasting
 + Level 5.7 Charms


You had 4 spell levels left.
You knew the following spells:

 Your Spells              Type           Power        Failure   Level  Hunger
a - Infusion              Chrm           ####         1%          1    None
b - Shroud of Golubria    Chrm/Tloc      ##........   6%          2    ##.....
c - Regeneration          Chrm/Necr      ##........   13%         3    ###....
d - Song of Slaying       Chrm           ####....     1%          2    ##.....
e - Spectral Weapon       Hex/Chrm       ##......     13%         3    ###....


Dungeon Overview and Level Annotations

Branches:
Dungeon (6/15)             Temple (1/1) D:5

Altars:
Ashenzari
Cheibriados
Dithmenos
Elyvilon
Fedhas
Gozag
Hepliaklqana
Kikubaaqudgha
Makhleb
Nemelex Xobeh
Okawaru
Qazlal
Ru
Sif Muna
Trog
Uskayaw
Vehumet
Wu Jian
Xom
Yredelemnul
Zin
The Shining One

Annotations:
D:5 aMcNicky's ghost, novice MiFi


Innate Abilities, Weirdness & Mutations

You can breathe bolts of dispelling energy.
Your rich purple scales are hard. (AC +6)
You cannot fit into any form of body armour.
You are cold-blooded and may be slowed by cold attacks.


Message History

Your spectral weapon shares its damage with you!
Your spectral weapon fades away.
AMcNicky's ghost turns its malevolent gaze towards you.
Casting: Spectral Weapon
Confirm with . or Enter, or press ? or * to list all spells.
You miscast Spectral Weapon.
Your skin glows momentarily.
You are feeling very hungry.
AMcNicky's ghost completely misses you.
Casting: Spectral Weapon
Confirm with . or Enter, or press ? or * to list all spells.
Your skin crawls.
AMcNicky's ghost hits you!
* * * LOW HITPOINT WARNING * * *
You barely miss aMcNicky's ghost.
AMcNicky's ghost is almost destroyed.
AMcNicky's ghost hits you.
* * * LOW HITPOINT WARNING * * *
You barely miss aMcNicky's ghost.
AMcNicky's ghost is almost destroyed.
AMcNicky's ghost hits you!
You die...

### ### ### #.# #.###.#
#.#######.#.#.###
################...............#
.......[.......W<.#.####.#.#.#.#
#############.##@.#.#.##.#.#.#.##
.............[..................#
..........###.#.....#.##.#.#.#.##
..........[.........#....#.#.#.#
...........>#.#.....#.##.#.#.#.#
.........####.##....#.##.#.#.#.#
.........####+##....#.#......#.#
...............#....#.##.....#.#
....##+##......#...........#.#.#


You could see aMcNicky's ghost.

Vanquished Creatures
  The ghost of Totori the Conjurer, an amateur DrCj (D:4)
  Duvessa (D:5)
  A sky beast (D:5)
  3 ogres
  Dowan (D:5)
  A scorpion (D:4)
  A crimson imp (D:5)
  A hound (D:4)
  A centaur skeleton (D:5)
  An orc priest (D:5)
  A bullfrog skeleton (D:5)
  Jessica (D:2)
  2 iguanas
  Ijyb (D:5)
  Terence (D:2)
  Natasha (thrice) (D:2)
  8 gnolls
  9 adders
  4 oozes
  An adder skeleton (D:5)
  5 worms
  4 dart slugs
  5 leopard geckos
  7 orcs
  7 bats
  5 giant cockroaches
  7 goblins
  8 hobgoblins
  12 jackals
  6 kobolds
  4 quokkas
  A ball python (D:2)
  6 frilled lizards
  A leopard gecko skeleton (D:4)
  7 rats
128 creatures vanquished.

Vanquished Creatures (others)
  4 spectral weapons (D:5)
4 creatures vanquished.

Grand Total: 132 creatures vanquished

Notes
Turn   | Place    | Note
-------+----------+-------------------------------------------
     0 | D:1      | keltmir the Draconian Skald began the quest for the Orb.
     0 | D:1      | Reached XP level 1. HP: 17/17 MP: 3/3
    60 | D:1      | Reached XP level 2. HP: 24/25 MP: 5/5
    64 | D:1      | Learned a level 2 spell: Shroud of Golubria
   292 | D:1      | Reached XP level 3. HP: 30/30 MP: 6/6
   714 | D:2      | Noticed Terence
   725 | D:2      | Killed Terence
   725 | D:2      | Reached skill level 3 in Maces & Flails
   725 | D:2      | Reached XP level 4. HP: 35/38 MP: 3/7
  1081 | D:2      | Learned a level 3 spell: Regeneration
  1361 | D:2      | Reached XP level 5. HP: 40/45 MP: 6/8
  1374 | D:2      | Noticed Jessica
  1406 | D:2      | Killed Jessica
  1473 | D:2      | Noticed Natasha
  1484 | D:2      | Killed Natasha
  1539 | D:2      | Noticed Natasha
  1563 | D:2      | Killed Natasha
  1662 | D:2      | Noticed Natasha
  1672 | D:2      | Killed Natasha
  1672 | D:2      | Reached skill level 4 in Maces & Flails
  1743 | D:2      | Learned a level 2 spell: Song of Slaying
  2119 | D:3      | Reached XP level 6. HP: 43/51 MP: 2/9
  3120 | D:4      | Found an opulent altar of Gozag.
  3127 | D:4      | Noticed Totori's ghost (amateur DrCj)
  3170 | D:5      | Entered Level 5 of the Dungeon
  3457 | D:4      | Killed Totori's ghost
  3513 | D:4      | Reached skill level 5 in Maces & Flails
  3513 | D:4      | Your scales start taking on a rich purple colour.
  3513 | D:4      | Reached XP level 7. HP: 35/59 MP: 4/11
  4036 | D:5      | Reached skill level 5 in Charms
  4553 | D:5      | Noticed Ijyb
  4582 | D:5      | Killed Ijyb
  4744 | D:5      | Noticed Dowan
  4809 | D:5      | Killed Dowan
  5028 | D:5      | Noticed aMcNicky's ghost (novice MiFi)
  5032 | D:5      | Learned a level 3 spell: Spectral Weapon
  5794 | D:5      | Noticed Duvessa
  5921 | D:5      | Killed Duvessa
  5921 | D:5      | Reached skill level 6 in Maces & Flails
  5921 | D:5      | Reached XP level 8. HP: 38/67 MP: 3/13
  6166 | D:5      | Found a staircase to the Ecumenical Temple.
  6172 | Temple   | Entered the Ecumenical Temple
  6254 | Temple   | Became a worshipper of Makhleb the Destroyer
  6555 | D:6      | Reached skill level 5 in Fighting
  6857 | D:4      | HP: 3/68 [ogre/giant club (25)]
  7203 | D:5      | Slain by aMcNicky's ghost

Skill      XL: |  1  2  3  4  5  6  7  8 |
---------------+-------------------------+-----
Charms         | 3 4 5 |  5.7
Fighting       | 3 4 5 |  5.2
Maces & Flails | 3 4 5 6 |  6.4
Dodging        | 3 4 |  4.4
Spellcasting   | 3 4 |  4.0

Action                   |  1- 3 |  4- 6 |  7- 9 || total
-------------------------+-------+-------+-------++-------
Melee: Mace              |   102 |   270 |   270 ||   642
       Tailslap          |     9 |    32 |    31 ||    72
 Cast: Shroud of Golubri |     3 |    16 |    21 ||    40
       Infusion          |     1 |     2 |     1 ||     4
       Regeneration      |       |    12 |    24 ||    36
       Song of Slaying   |       |     6 |     5 ||    11
       Spectral Weapon   |       |       |     6 ||     6
 Abil: Breathe Dispellin |       |       |     5 ||     5
  Use: Scroll            |     3 |     7 |     1 ||    11
       Potion            |       |     3 |     3 ||     6
 Stab: Sleeping          |       |     1 |       ||     1
  Eat: Chunk             |       |    12 |    15 ||    27
       Ration            |       |       |     1 ||     1
Armor: Skin              |    37 |   125 |   119 ||   281
Dodge: Dodged            |    60 |   261 |   276 ||   597
